PBL
LONDON MAJORS @ COLUMBUS REDS
07/30/2046
 
TOP OF THE 1ST
London Majors batting - Pitching for Columbus Reds : RHP Amador Sadaba
Pitching: RHP Amador Sadaba
Batting: RHB Jake Bronner 0-0: Swinging Strike
0-1: DOUBLE (Line Drive, 89M, EV 98.8 MPH)
Batting: RHB Bobby Roldan 0-0: Foul Ball, location: 2F
0-1: Hit by Pitch
Batting: RHB John Rios 0-0: Ball
1-0: Ball
2-0: Ball
3-0: Base on Balls
Jake Bronner to third
Bobby Roldan to second
Batting: RHB Pete Duncan 0-0: Called Strike
0-1: SINGLE (Line Drive, 4MD, EV 96.9 MPH)
Jake Bronner scores
Bobby Roldan to third
John Rios to second
Runner from 3rd tries for Home, SAFE, throw by CF to home
Batting: RHB David Gamez 0-0: Ball
1-0: Foul Ball, location: 2F
1-1: Ball
2-1: Called Strike
2-2: Grounds into double play, 3-6-3 (Groundball, 3, EV 85.6 MPH)
John Rios to third
Batting: RHB Rudolph Lentz 0-0: Ground out 5-3 (Groundball, 5, EV 83.8 MPH)
Top of the 1st over - 2 runs, 2 hits, 0 errors, 1 left on base; London 2 - Columbus 0
BOTTOM OF THE 1ST
Columbus Reds batting - Pitching for London Majors : RHP Bradley Carriere
Pitching: RHP Bradley Carriere
Batting: RHB Ben Burkholder 0-0: Ball
1-0: Ground out 4-3 (Groundball, 4, EV 90.0 MPH)
Batting: RHB Ernie Maldonado 0-0: Called Strike
0-1: Ball
1-1: Fly out, F9 (Flyball, 9, EV 84.4 MPH)
Pitching: RHP Jordan Wyatt
Batting: LHB Matthew Berry 0-0: Ball
1-0: Swinging Strike
1-1: Ball
2-1: Ball
3-1: Base on Balls
Batting: LHB Jamie Spangenberg 0-0: Ground out 4-3 (Groundball, 4, EV 86.9 MPH)
Bottom of the 1st over - 0 runs, 0 hits, 0 errors, 1 left on base; London 2 - Columbus 0
TOP OF THE 2ND
London Majors batting - Pitching for Columbus Reds : RHP Amador Sadaba
Batting: RHB Mikey Sano 0-0: Foul Ball, location: 2F
0-1: Foul Ball, location: 2F
0-2: Strikes out swinging
Batting: SHB Toby Patenaude 0-0: Called Strike
0-1: SINGLE (Line Drive, 56D, EV 94.4 MPH)
Batting: RHB Lao-che Zhu 0-0: DOUBLE (Line Drive, 78D, EV 111.2 MPH)
Toby Patenaude to third
Batting: RHB Jake Bronner 0-0: Foul Ball, location: 2F
0-1: Swinging Strike
0-2: Strikes out swinging
Batting: RHB Bobby Roldan 0-0: Foul Ball, location: 2F
0-1: Called Strike
0-2: SINGLE (Flyball, 7LS, EV 88.8 MPH)
Toby Patenaude scores
Lao-che Zhu to third
Runner from 3rd tries for Home, SAFE, throw by LF to home
Batting: RHB John Rios 0-0: Called Strike
Bobby Roldan steals 2nd base
0-1: Fly out, F4 (Popup, 34, EV 67.5 MPH)
Top of the 2nd over - 2 runs, 3 hits, 0 errors, 1 left on base; London 4 - Columbus 0
BOTTOM OF THE 2ND
Columbus Reds batting - Pitching for London Majors : RHP Jordan Wyatt
Batting: LHB Tim Kirk 0-0: Ground out 5-3 (Groundball, 6, EV 83.8 MPH)
Batting: RHB Aaron Barraza 0-0: Ball
1-0: Foul Ball, location: 2F
1-1: Ball
2-1: Foul Ball, location: 2F
2-2: Fly out, F8 (Line Drive, 8RD, EV 95.6 MPH)
Batting: RHB Ed Santibanez 0-0: Ball
1-0: Called Strike
1-1: Ground out 6-3 (Groundball, 6, EV 80.6 MPH)
Bottom of the 2nd over - 0 runs, 0 hits, 0 errors, 0 left on base; London 4 - Columbus 0
TOP OF THE 3RD
London Majors batting - Pitching for Columbus Reds : RHP Amador Sadaba
Batting: RHB Pete Duncan 0-0: Foul Ball, location: 2F
0-1: Ball
1-1: Called Strike
1-2: Strikes out looking
Batting: RHB David Gamez 0-0: Ball
1-0: Ball
2-0: Called Strike
2-1: Called Strike
2-2: Ball
3-2: Fly out, F5 (Line Drive, 5, EV 77.5 MPH)
Batting: RHB Rudolph Lentz 0-0: Called Strike
0-1: Fly out, F7 (Flyball, 7S, EV 86.9 MPH)
Top of the 3rd over - 0 runs, 0 hits, 0 errors, 0 left on base; London 4 - Columbus 0
BOTTOM OF THE 3RD
Columbus Reds batting - Pitching for London Majors : RHP Jordan Wyatt
Batting: RHB Ch'ang-chieh Hsia 0-0: Ball
1-0: Swinging Strike
1-1: Swinging Strike
1-2: Strikes out looking
Batting: LHB Jose Cruz 0-0: Fly out, F7 (Flyball, 7S, EV 92.5 MPH)
Batting: RHB Ben Burkholder 0-0: Ball
1-0: Ball
2-0: Called Strike
2-1: Foul Ball, location: 2F
2-2: Foul Ball, location: 2F
2-2: Foul Ball, location: 2F
2-2: Fly out, F7 (Flyball, 7, EV 76.2 MPH)
Bottom of the 3rd over - 0 runs, 0 hits, 0 errors, 0 left on base; London 4 - Columbus 0
TOP OF THE 4TH
London Majors batting - Pitching for Columbus Reds : RHP Amador Sadaba
Batting: RHB Mikey Sano 0-0: Ball
1-0: Foul Ball, location: 2F
1-1: Foul Ball, location: 2F
1-2: Foul Ball, location: 2F
1-2: Ball
2-2: Ball
3-2: Strikes out looking
Batting: SHB Toby Patenaude 0-0: Ground out 3-1 (Groundball, 34, EV 85.6 MPH)
Batting: RHB Lao-che Zhu 0-0: Ball
1-0: Ball
2-0: Foul Ball, location: 2F
2-1: Swinging Strike
2-2: Foul Ball, location: 2F
2-2: Foul Ball, location: 2F
2-2: Strikes out swinging
Top of the 4th over - 0 runs, 0 hits, 0 errors, 0 left on base; London 4 - Columbus 0
BOTTOM OF THE 4TH
Columbus Reds batting - Pitching for London Majors : RHP Jordan Wyatt
Batting: RHB Ernie Maldonado 0-0: Foul Ball, location: 2F
0-1: Swinging Strike
0-2: Strikes out swinging
Batting: LHB Matthew Berry 0-0: Foul Ball, location: 2F
0-1: Foul Ball, location: 2F
0-2: Foul Ball, location: 2F
0-2: Ball
1-2: Ball
2-2: Fly out, F8 (Flyball, 89M, EV 96.2 MPH)
Batting: LHB Jamie Spangenberg 0-0: Ball
1-0: Swinging Strike
1-1: SINGLE (Groundball, 56S, EV 75.0 MPH) (infield hit)
Batting: LHB Tim Kirk 0-0: Swinging Strike
0-1: Ball
1-1: Foul Ball, location: 2F
1-2: Foul Ball, location: 2F
1-2: Ball
2-2: Strikes out swinging
Bottom of the 4th over - 0 runs, 1 hit, 0 errors, 1 left on base; London 4 - Columbus 0
TOP OF THE 5TH
London Majors batting - Pitching for Columbus Reds : RHP Amador Sadaba
Batting: RHB Jake Bronner 0-0: Ball
1-0: Ball
2-0: Foul Ball, location: 2F
2-1: Ball
3-1: Base on Balls
Batting: RHB Bobby Roldan 0-0: Called Strike
0-1: SINGLE (Groundball, 6S, EV 74.4 MPH) (infield hit)
Jake Bronner to second
Batting: RHB John Rios 0-0: Foul Ball, location: 2F
0-1: Ball
1-1: Foul Ball, location: 2F
1-2: Fly out, F7 (Line Drive, 7D, EV 91.9 MPH)
Runner from 2nd tags up, SAFE at 3rd, no throw by LF
Batting: RHB Pete Duncan 0-0: Called Strike
Bobby Roldan steals 2nd base
0-1: Swinging Strike
0-2: Foul Ball, location: 2F
0-2: Ball
1-2: Foul Ball, location: 2F
1-2: Ball
2-2: Hit by Pitch
Batting: RHB David Gamez 0-0: Foul Ball, location: 2F
0-1: Ball
1-1: Called Strike
1-2: Ball
2-2: Foul Ball, location: 2F
2-2: Foul Ball, location: 2F
2-2: Ball
3-2: Base on Balls
Jake Bronner scores
Bobby Roldan to third
Pete Duncan to second
Batting: RHB Rudolph Lentz 0-0: SINGLE (Line Drive, 4MD, EV 108.1 MPH)
Bobby Roldan scores
Pete Duncan to third
David Gamez to second
Batting: RHB Mikey Sano 0-0: Ball
1-0: Ball
2-0: Ball
3-0: Called Strike
3-1: Foul Ball, location: 2F
3-2: Foul Ball, location: 2F
3-2: Foul Ball, location: 2F
3-2: Fielders Choice at 2nd, 4-6 (Groundball, 4, EV 79.4 MPH)
Pete Duncan scores
David Gamez to third
Batting: SHB Toby Patenaude 0-0: Called Strike
0-1: Foul Ball, location: 2F
0-2: Strikes out swinging
Top of the 5th over - 3 runs, 2 hits, 0 errors, 2 left on base; London 7 - Columbus 0
BOTTOM OF THE 5TH
Columbus Reds batting - Pitching for London Majors : RHP Jordan Wyatt
Batting: RHB Aaron Barraza 0-0: Ball
1-0: Ball
2-0: Called Strike
2-1: Foul Ball, location: 2F
2-2: Ground out 3-1 (Groundball, 34, EV 87.5 MPH)
Batting: RHB Ed Santibanez 0-0: Ball
1-0: Ball
2-0: Called Strike
2-1: Ball
3-1: Called Strike
3-2: Reached on error, E6 (Groundball, 6, EV 85.6 MPH)
Batting: RHB Ch'ang-chieh Hsia 0-0: Called Strike
0-1: Ball
1-1: Called Strike
1-2: Strikes out looking
Batting: LHB Jose Cruz 0-0: 2-RUN HOME RUN (Flyball, 9D, EV 98.1 MPH), Distance : 389 ft
Batting: RHB Ben Burkholder 0-0: Ball
1-0: Ball
2-0: Foul Ball, location: 2F
2-1: Called Strike
2-2: Ball
3-2: Ground out 1-3 (Groundball, 34S, EV 66.9 MPH)
Bottom of the 5th over - 2 runs, 1 hit, 1 error, 0 left on base; London 7 - Columbus 2
TOP OF THE 6TH
London Majors batting - Pitching for Columbus Reds : RHP Amador Sadaba
Batting: RHB Lao-che Zhu 0-0: Foul Ball, location: 2F
0-1: Ball
1-1: Swinging Strike
1-2: Ball
2-2: Strikes out swinging
Batting: RHB Jake Bronner 0-0: Foul Ball, location: 2F
0-1: SINGLE (Line Drive, 6MD, EV 100.0 MPH)
Batting: RHB Bobby Roldan 0-0: Fly out, F3 (Popup, 3S, EV 85.0 MPH)
Batting: RHB John Rios 0-0: Ball
Jake Bronner steals 2nd base (no throw)
1-0: Called Strike
1-1: Foul Ball, location: 2F
1-2: Strikes out swinging
Top of the 6th over - 0 runs, 1 hit, 0 errors, 1 left on base; London 7 - Columbus 2
BOTTOM OF THE 6TH
Columbus Reds batting - Pitching for London Majors : RHP Jordan Wyatt
Batting: RHB Ernie Maldonado 0-0: Ball
1-0: Foul Ball, location: 2F
1-1: Ball
2-1: Called Strike
2-2: SINGLE (Groundball, 56, EV 103.1 MPH)
Pitching: RHP Nick Ford
Batting: LHB Matthew Berry 0-0: Ball
1-0: Foul Ball, location: 2F
1-1: Called Strike
1-2: 2-RUN HOME RUN (Flyball, 89XD, EV 111.2 MPH), Distance : 444 ft
Batting: LHB Jamie Spangenberg 0-0: Ball
1-0: SINGLE (Line Drive, 8RS, EV 95.6 MPH)
Batting: LHB Tim Kirk 0-0: Foul Ball, location: 2F
0-1: Ball
1-1: Ball
Wild Pitch!
Jamie Spangenberg to second
2-1: DOUBLE (Line Drive, 78M, EV 100.0 MPH)
Jamie Spangenberg scores
Batting: RHB Aaron Barraza 0-0: Called Strike
0-1: Ball
1-1: Fly out, F8 (Flyball, 8RD, EV 97.5 MPH)
Batting: RHB Ed Santibanez 0-0: Ball
1-0: Ball
2-0: Ground out 6-3 (Groundball, 56, EV 80.6 MPH)
Batting: RHB Ch'ang-chieh Hsia 0-0: Called Strike
0-1: Swinging Strike
0-2: Strikes out swinging
Bottom of the 6th over - 3 runs, 4 hits, 0 errors, 1 left on base; London 7 - Columbus 5
TOP OF THE 7TH
London Majors batting - Pitching for Columbus Reds : RHP Amador Sadaba
Batting: RHB Pete Duncan 0-0: Called Strike
0-1: Ball
1-1: Ground out 6-3 (Groundball, 6, EV 81.2 MPH)
Batting: RHB David Gamez 0-0: Fly out, F9 (Flyball, 9D, EV 90.0 MPH)
Batting: RHB Rudolph Lentz 0-0: Foul Ball, location: 2F
0-1: Swinging Strike
0-2: Ball
1-2: Foul Ball, location: 2F
1-2: Foul Ball, location: 2F
1-2: Ball
2-2: Ball
3-2: Base on Balls
Batting: RHB Mikey Sano 0-0: Called Strike
Rudolph Lentz is caught stealing 2nd base 2-4
Top of the 7th over - 0 runs, 0 hits, 0 errors, 0 left on base; London 7 - Columbus 5
BOTTOM OF THE 7TH
Columbus Reds batting - Pitching for London Majors : RHP Nick Ford
Now in RF: Mike Chamberlain
Batting: LHB Jose Cruz 0-0: Swinging Strike
0-1: Ball
1-1: Ball
2-1: Foul Ball, location: 2F
2-2: Foul Ball, location: 2F
2-2: Strikes out swinging
Batting: RHB Ben Burkholder 0-0: Swinging Strike
0-1: Ball
1-1: Called Strike
1-2: Fly out, F7 (Flyball, 7, EV 90.0 MPH)
Batting: RHB Ernie Maldonado 0-0: Ball
1-0: Called Strike
1-1: Ball
2-1: SOLO HOME RUN (Flyball, 7LD, EV 96.9 MPH), Distance : 347 ft
Pitching: RHP Josh Long
Batting: LHB Matthew Berry 0-0: Foul Ball, location: 2F
0-1: Foul Ball, location: 2F
0-2: Ball
1-2: Ball
2-2: Ball
3-2: Strikes out looking
Bottom of the 7th over - 1 run, 1 hit, 0 errors, 0 left on base; London 7 - Columbus 6
TOP OF THE 8TH
London Majors batting - Pitching for Columbus Reds : RHP Amador Sadaba
Batting: RHB Mikey Sano 0-0: Called Strike
0-1: Ball
1-1: Ball
2-1: Ball
3-1: Foul Ball, location: 2F
3-2: Foul Ball, location: 2F
3-2: Foul Ball, location: 2F
3-2: Foul Ball, location: 2F
3-2: Foul Ball, location: 2F
3-2: Base on Balls
Batting: SHB Toby Patenaude 0-0: Ball
1-0: SINGLE (Groundball, 3L, EV 94.4 MPH)
Mikey Sano to second
Runner from 2nd tries for 3rd, SAFE, throw by RF made to third
Toby Patenaude to second
Batting: RHB Lao-che Zhu 0-0: Ball
1-0: Foul Ball, location: 2F
1-1: Foul Ball, location: 2F
1-2: Ground out 4-3 (Groundball, 4, EV 85.0 MPH)
Batting: RHB Jake Bronner 0-0: Intentional Walk
Batting: RHB Bobby Roldan 0-0: Ball
1-0: Ball
2-0: Foul Ball, location: 2F
2-1: DOUBLE (Groundball, 3D, EV 95.0 MPH)
Mikey Sano scores
Toby Patenaude scores
Jake Bronner to third
Batting: RHB John Rios 0-0: Intentional Walk
Pitching: RHP Hugo Pirir
Batting: RHB Pete Duncan 0-0: Called Strike
0-1: Swinging Strike
0-2: Strikes out looking
Batting: RHB David Gamez 0-0: SINGLE (Line Drive, 89S, EV 112.5 MPH)
Jake Bronner scores
Bobby Roldan to third
John Rios to second
Runner from 3rd tries for Home, SAFE, throw by RF to home
Batting: RHB Mike Chamberlain 0-0: Called Strike
0-1: SINGLE (Groundball, 34D, EV 98.8 MPH)
John Rios to third
David Gamez to second
Runner from 3rd tries for Home, SAFE, throw by RF to home
Pinch Hitting: RHB Akira Kubo 0-0: Ball
1-0: Called Strike
1-1: Ball
2-1: Swinging Strike
2-2: Strikes out looking
Top of the 8th over - 5 runs, 4 hits, 0 errors, 2 left on base; London 12 - Columbus 6
BOTTOM OF THE 8TH
Columbus Reds batting - Pitching for London Majors : RHP Josh Long
Now at 1B: Akira Kubo
Batting: LHB Jamie Spangenberg 0-0: Ball
1-0: Ball
2-0: Ground out 4-3 (Groundball, 4, EV 83.8 MPH)
Batting: LHB Tim Kirk 0-0: Called Strike
0-1: Foul Ball, location: 2F
0-2: Ball
1-2: Ground out 6-3 (Groundball, 6M, EV 102.5 MPH)
Batting: RHB Aaron Barraza 0-0: Foul Ball, location: 2F
0-1: Swinging Strike
0-2: Strikes out swinging
Bottom of the 8th over - 0 runs, 0 hits, 0 errors, 0 left on base; London 12 - Columbus 6
TOP OF THE 9TH
London Majors batting - Pitching for Columbus Reds : RHP Hugo Pirir
Batting: SHB Toby Patenaude 0-0: Fly out, F7 (Flyball, 7S, EV 81.2 MPH)
Batting: RHB Lao-che Zhu 0-0: Called Strike
0-1: Ball
1-1: Foul Ball, location: 2F
1-2: Foul Ball, location: 2F
1-2: Strikes out swinging
Batting: RHB Jake Bronner 0-0: Reached on error, E4 (Flyball, 34D, EV 86.9 MPH)
Batting: RHB Bobby Roldan 0-0: Called Strike
0-1: Fielders Choice at 2nd, 6-4 (Groundball, 6, EV 78.8 MPH)
Top of the 9th over - 0 runs, 0 hits, 1 error, 1 left on base; London 12 - Columbus 6
BOTTOM OF THE 9TH
Columbus Reds batting - Pitching for London Majors : RHP Josh Long
Batting: RHB Ed Santibanez 0-0: Called Strike
0-1: Called Strike
0-2: Strikes out looking
Batting: RHB Ch'ang-chieh Hsia 0-0: Swinging Strike
0-1: Ball
1-1: Foul Ball, location: 2F
1-2: Ground out 6-3 (Groundball, 6S, EV 85.6 MPH)
Pinch Hitting: RHB Jay Harrison 0-0: Foul Ball, location: 2F
0-1: Ball
1-1: Ball
2-1: Ball
3-1: Foul Ball, location: 2F
3-2: SINGLE (Groundball, 6MD, EV 104.4 MPH)
Batting: RHB Ben Burkholder 0-0: Ball
1-0: Ball
2-0: Ball
3-0: Base on Balls
Jay Harrison to second
Batting: RHB Ernie Maldonado 0-0: Ball
1-0: Foul Ball, location: 2F
1-1: Swinging Strike
1-2: Ball
2-2: Strikes out looking
Bottom of the 9th over - 0 runs, 1 hit, 0 errors, 2 left on base; London 12 - Columbus 6
Tuesday, September 13th , 2022 - OOTP Baseball 23.7 Build 88